 Dungeon Crawl Stone Soup version 0.20-a0-1020-g7b9e4fe (webtiles) character file.

235 wraithjt the Cudgeler (level 6, -3/37 HPs)
             Began as a Gargoyle Fighter on Apr 19, 2017.
             Slain by an orc warrior
             ... wielding a +2 antimagic halberd
              (13 damage)
             ... on level 3 of the Dungeon.
             The game lasted 00:08:56 (3220 turns).

wraithjt the Cudgeler (Gargoyle Fighter)            Turns: 3220, Time: 00:08:57

Health: -3/37      AC: 13    Str: 19 (20) XL:     6   Next: 6%
Magic:  1/6        EV:  7    Int:  8 (9)  God:
Gold:   132        SH:  8    Dex:  7 (10) Spells: 5/5 levels left

rFire    . . .     SeeInvis .   a - +0 flail
rCold    . . .     Gourm    .   c - +0 shield
rNeg     + + .     Faith    .   b - +0 scale mail
rPois    ∞         Spirit   .   (no helmet)
rElec    +         Reflect  .   v - +0 cloak
rCorr    .         Harm     .   j - +0 pair of gloves
MR       .....                  (no boots)
Stlth    ..........             (no amulet)
Regen    0.2/turn               m - ring of positive energy
MPRegen  0.1/turn               (no ring)

@: no status effects
A: negative energy resistance 1, electricity resistance, unbreathing,
petrification resistance, rot immunity, AC +4
a: no special abilities


You were on level 3 of the Dungeon.
You were not hungry.

You visited 1 branch of the dungeon, and saw 3 of its levels.

You collected 132 gold pieces.

Inventory:

Hand Weapons
 a - a +0 flail (weapon)
Missiles
 l - 89 stones (quivered)
Armour
 b - a +0 scale mail (worn)
 c - a +0 shield (worn)
 j - a +0 pair of gloves (worn)
 v - a +0 cloak (worn)
Jewellery
 m - a ring of positive energy (left hand)
Scrolls
 e - 3 scrolls of remove curse
 g - a scroll of fog {unknown}
 i - a scroll of magic mapping
 k - a scroll of recharging {unknown}
 n - a scroll of teleportation {unknown}
 s - a scroll of enchant armour {unknown}
Potions
 h - a potion of haste {unknown}
 u - a potion of flight {unknown}
 w - a potion of agility {unknown}
 z - a potion of mutation {unknown}
Comestibles
 d - 6 chunks of flesh
 f - 3 bread rations
 q - a royal jelly
 r - a meat ration
 x - a fruit


   Skills:
 - Level 3.2 Fighting
 * Level 5.7 Maces & Flails
 - Level 3.2 Armour
 + Level 1.1 Dodging
 + Level 0.8 Stealth
 - Level 3.2 Shields


You had 5 spell levels left.
You didn't know any spells.

Dungeon Overview and Level Annotations

Branches:
Dungeon (3/15)

Altars:
Ashenzari
Wu Jian
Zin


Innate Abilities, Weirdness & Mutations

You are resistant to torment.
Your stone body is resilient. (AC +4)
You are immune to poison.
You resist negative energy. (rN+)
You are resistant to electric shocks. (rElec)
You can survive without breathing.
You are immune to petrification.
You are immune to rotting.


Message History

You block the orc warrior's attack.
You hit the orc warrior.
The orc warrior is moderately wounded.
You block the orc warrior's attack.
You barely miss the orc warrior.
The orc warrior is moderately wounded.
The orc warrior hits you with an antimagic halberd!
* * * LOW HITPOINT WARNING * * *
You feel your power leaking away.
You closely miss the orc warrior.
The orc warrior is moderately wounded.
You block the orc warrior's attack.
You hit the orc warrior.
The orc warrior is moderately wounded.
The orc warrior barely misses you.
You hit the orc warrior but do no damage.
The orc warrior is moderately wounded.
You feel a little less clever now.
The orc warrior hits you with an antimagic halberd!
You die...

*,,,,*,,*,...,,...,,,,,,,,,,,*
*,,,,*,,*,#.#*#.#*************
*,,,,*,,*,#.#K..* *********
****,**,*,#.#o#*******,,,,,,,,
*,*,,,,#o.o,,,,,,,,,,,,,,,,
*,#.####.#########*,,,,,,,,
*,#..............#*,,,,,,,,
*,######o#######.#*,,,,,,,,
*.......oo@......#*********
*#######'#####...# #####
#..........# #....
#####..........######....
#.....).............#....
****##...................#....
*,,......................#....
*,,......................#....
*,,..............##......#....


You could see an orc warrior and 2 orcs.

Vanquished Creatures
  A bullfrog (D:3)
  An orc wizard (D:3)
  A worker ant (D:3)
  4 adders
  3 worms
  A dart slug (D:1)
  A leopard gecko (D:2)
  2 orcs (D:3)
  A ball python (D:1)
  6 bats
  2 giant cockroaches
  2 goblins (D:3)
  9 hobgoblins
  12 jackals
  A quokka (D:2)
  5 frilled lizards
  10 kobolds
  9 rats
71 creatures vanquished.

Notes
Turn   | Place    | Note
-------+----------+-------------------------------------------
     0 | D:1      | wraithjt the Gargoyle Fighter began the quest for the Orb.
     0 | D:1      | Reached XP level 1. HP: 14/14 MP: 1/1
   155 | D:1      | Reached XP level 2. HP: 15/19 MP: 2/2
   409 | D:1      | Reached skill level 3 in Maces & Flails
   928 | D:1      | Reached XP level 3. HP: 23/23 MP: 3/3
  1488 | D:2      | Found an ornate altar of the Wu Jian Council.
  1545 | D:2      | Reached skill level 4 in Maces & Flails
  1545 | D:2      | Reached XP level 4. HP: 26/28 MP: 4/4
  2056 | D:3      | Reached XP level 5. HP: 10/32 MP: 5/5
  2156 | D:3      | Reached skill level 5 in Maces & Flails
  2156 | D:3      | Reached skill level 1 in Dodging
  2664 | D:3      | Found a glowing silver altar of Zin.
  3076 | D:3      | Found a shattered altar of Ashenzari.
  3142 | D:3      | Reached XP level 6. HP: 37/37 MP: 6/6
  3163 | D:3      | Noticed an orc warrior
  3172 | D:3      | HP: 1/37 [orc warrior/antimagic halberd (7)]
  3220 | D:3      | Slain by an orc warrior

Vault maps used:
D:1:      dpeg_arrival_shrine, minmay_heptomino_d4
D:2:      marbit_many_paths, kennysheep_another_room, moated_statue,
          hangedman_decor_riveting, lemuel_statue_altar
D:3:      nicolae_overflow_hidden_temple, old_standard_altar, first_bread,
          st_stairs_1

Skill      XL: |  1  2  3  4  5 |
---------------+----------------+-----
Maces & Flails | 3 4 5 |  5.7
Dodging        | 1 |  1.1
Fighting       | |  3.2
Armour         | |  3.2
Stealth        | |  0.8
Shields        | |  3.2

Action                   |  1- 3 |  4- 6 || total
-------------------------+-------+-------++-------
Melee: Flail             |   144 |   188 ||   332
  Use: Scroll            |     3 |     2 ||     5
       Potion            |       |     5 ||     5
  Eat: Chunk             |     2 |     6 ||     8
Armor: Scale mail        |    68 |    99 ||   167
Dodge: Dodged            |    54 |    64 ||   118
Block: Shield            |    73 |    93 ||   166
